 Dungeon Crawl Stone Soup version 0.30-a0-772-g5528072125 (webtiles) character file.

Game seed: 2288676090725004998

2121777 browni3141 the Cloud Mage (level 27, 173/173 HPs)
             Began as a Tengu Conjurer on Feb 12, 2023.
             Was the Champion of Vehumet.
             Escaped with the Orb
             ... and 4 runes on Feb 13, 2023!
             The game lasted 05:34:43 (80062 turns).

browni3141 the Cloud Mage (Tengu Conjurer)         Turns: 80062, Time: 05:34:43

Health: 173/173    AC: 34    Str: 14    XL:     27
Magic:  52/52      EV: 14    Int: 31    God:    Vehumet [******]
Gold:   6398       SH: 30    Dex: 24    Spells: 2/66 levels left

rFire   + . .      SeeInvis +    b - staff of air
rCold   + + .      Faith    .    t - +6 tower shield {reflect}
rNeg    . . .      Spirit   .    n - +8 plate armour of Contumacious Curiosity {Fly rPois}
rPois   +          Reflect  +    d - +1 hat of Buzxazed {rC+ Dex+3 Stlth+}
rElec   +          Harm     .    Q - +4 dragonskin cloak
rCorr   +          Rampage  .    w - +2 pair of gloves
Will    +++++                    (boots unavailable) Stlth
                                 z - amulet of Neloovea {RegenMP +Inv rF+ Will+ Str+3}
HPRegen 0.48/turn                p - ring of the Final Wars {Will+ MP+9 Str+6}
MPRegen 0.73/turn                y - ring of Ycin Ubu {Drain rC+ Will+ rCorr SInv}

@: flying quickly and evasively, studying Staves, quick
A: beak, talons 3, nimble flight, agile 2, low MP 1
0: Orb of Zot
}: 4/15 runes: decaying, serpentine, slimy, silver
a: Renounce Religion, Evoke Invisibility


You escaped.
You worshipped Vehumet.
Vehumet was exalted by your worship.
You visited 10 branches of the dungeon, and saw 52 of its levels.
You also visited: Sewer, Bailey and Ice Cave.

You collected 12057 gold pieces.
You spent 5659 gold pieces at shops.

Inventory:

Hand Weapons
 A - the +1 trident of Zuom {heavy, Will+ MP+9 Dex+4 Stlth+}
   (You bought it in a shop on level 4 of the Snake Pit)

   Dex:       It affects your dexterity (+4).
   MP:        It affects your magic capacity (+9).
   Will:      It increases your willpower.
   Stlth:     It makes you more stealthy.
 K - the +6 flail of Lonwoad {drain, Str+3 Int+3 Dex+3}
   (You took it off a white draconian on level 3 of the Realm of Zot)

   Str:       It affects your strength (+3).
   Int:       It affects your intelligence (+3).
   Dex:       It affects your dexterity (+3).
Missiles
 a - 19 curare-tipped darts
 u - 4 throwing nets
Armour
 d - the +1 hat of Buzxazed (worn) {rC+ Dex+3 Stlth+}
   (You acquired it on level 2 of the Realm of Zot)

   Dex:       It affects your dexterity (+3).
   rC:        It protects you from cold.
   Stlth:     It makes you more stealthy.
 n - the +8 plate armour of Contumacious Curiosity (worn) {Fly rPois}
   (You found it on level 5 of the Vaults)

   rPois:     It protects you from poison.
   Fly:       It grants you flight.
 t - a +6 tower shield of reflection (worn)
 w - a +2 pair of gloves (worn)
 Q - the +4 dragonskin cloak (worn)
   (You took it off Tiamat on level 3 of the Realm of Zot)

   Avatar's Aegis: It grants the wearer a chance to resist fire, cold, poison,
   electricity, acid, and negative energy.
 Z - a +0 troll leather armour
Magical Staves
 b - a staff of air (weapon)
Jewellery
 p - the ring of the Final Wars (left hand) {Will+ MP+9 Str+6}
   (You took it off a deep elf demonologist on level 3 of the Elven Halls)

   [ring of willpower]

   Str:       It affects your strength (+6).
   MP:        It affects your magic capacity (+9).
   Will:      It increases your willpower.
 y - the ring of Ycin Ubu (right hand) {Drain rC+ Will+ rCorr SInv}
   (You found it on level 5 of the Pits of Slime)

   [ring of resist corrosion]

   rC:        It protects you from cold.
   SInv:      It lets you see invisible.
   rCorr:     It protects you from acid and corrosion.
   Drain:     It drains your maximum health when unequipped.
   Will:      It increases your willpower.
 z - the amulet of Neloovea (around neck) {RegenMP +Inv rF+ Will+ Str+3}
   (You found it on level 12 of the Dungeon)

   [amulet of magic regeneration]

   It increases your rate of magic regeneration.
   Str:       It affects your strength (+3).
   rF:        It protects you from fire.
   +Inv:      It lets you turn invisible.
   Will:      It increases your willpower.
 G - a +6 ring of intelligence
 R - an amulet of reflection
 W - a ring of protection from fire
Wands
 g - a wand of mindburst (29)
 I - a wand of paralysis (37)
Scrolls
 c - 14 scrolls of immolation
 l - 12 scrolls of poison
 m - 12 scrolls of vulnerability
 q - 17 scrolls of teleportation
 s - 4 scrolls of butterflies
 L - a scroll of enchant armour
 O - 6 scrolls of silence
 S - 10 scrolls of fear
 V - 3 scrolls of fog
 X - 2 scrolls of magic mapping
Potions
 f - 14 potions of mutation
 h - 15 potions of attraction
 i - 5 potions of heal wounds
 j - 4 potions of cancellation
 o - 11 potions of lignification
 v - 4 potions of haste
 x - 11 potions of resistance
 D - 14 potions of curing
 E - 2 potions of magic
 H - 16 potions of might
 M - 7 potions of brilliance
 N - 4 potions of invisibility
 P - 10 potions of ambrosia
 Y - 7 potions of degeneration
Miscellaneous
 k - a tin of tremorstones (inert)
 B - a condenser vane
 C - a phial of floods (inert)
 F - a phantom mirror
 T - a box of beasts
 U - a lightning rod (4/4)


   Skills:
 - Level 18.0 Fighting
 - Level 4.0 Short Blades
 * Level 14.5 Armour
 - Level 16.0 Dodging
 - Level 6.0 Stealth
 - Level 20.0 Shields
 + Level 20.3 Spellcasting
 * Level 24.1 Conjurations
 - Level 3.0 Hexes
 - Level 10.0 Summonings
 - Level 2.0 Translocations
 - Level 3.0 Transmutations
 - Level 4.0 Ice Magic
 * Level 24.2 Air Magic
 - Level 12.0 Evocations


You had 2 spell levels left.
You knew the following spells:

 Your Spells              Type           Power      Damage    Failure   Level
a - Spellforged Servitor  Conj/Summ      47%        N/A       14%         7
b - Lightning Bolt        Conj/Air       67%        1d91      1%          5
c - Dazzling Flash        Conj/Hex       100%       N/A       1%          3
d - Apportation           Tloc           86%        N/A       30%         1
e - Fulminant Prism       Conj/Hex       43%        3d19      1%          4
f - Iskenderun's Mystic   Conj/Tloc      85%        2d17      1%          4
h - Sticky Flame          Conj/Fire      82%        2d9       1%          4
i - Freezing Cloud        Conj/Ice/Air   59%        6-21      1%          5
j - Arcjolt               Conj/Air       67%        1d77      1%          5
k - Airstrike             Air            67%        2d(10-26) 1%          4
l - Irradiate             Conj/Tmut      43%        3d26      2%          5
m - Conjure Ball Lightni  Conj/Air       67%        3x3d25    1%          6
n - Swiftness             Air            100%       N/A       0%          3
o - Maxwell's Capacitive  Air            67%        ∞         6%          8

Your spell library contained the following spells:

 Spells                   Type           Power      Damage    Failure   Level
 Ignition                 Fire           15%        3d6       100%        8
 Magic Dart               Conj           100%       1d8       0%          1
 Shock                    Conj/Air       100%       1d9       0%          1
 Searing Ray              Conj           100%       2d8       0%          2
 Static Discharge         Conj/Air       100%       2-7/arc   0%          2
 Kiss of Death            Conj/Necr      100%       2d13      1%          1
 Summon Small Mammal      Summ           100%       N/A       1%          1
 Call Imp                 Summ           76%        N/A       1%          2
 Poisonous Vapours        Pois/Air       100%       N/A       1%          2
 Freeze                   Ice            100%       1d10      3%          1
 Cigotuvi's Dreadful Rot  Necr/Pois/Air  100%       N/A       3%          2
 Sandblast                Erth           62%        2d14      17%         1
 Slow                     Hex            100%       N/A       21%         1
 Scorch                   Fire           62%        2d8       26%         2
 Wereblood                Tmut           50%        N/A       30%         2
 Sting                    Tmut/Pois      100%       1d8       36%         1
 Blink                    Tloc           86%        N/A       41%         2
 Passwall                 Tmut/Erth      33%        N/A       50%         2
 Necrotise                Necr           100%       1d9       56%         1
 Sublimation of Blood     Necr           31%        N/A       71%         2
 Hailstorm                Conj/Ice       87%        3d17      1%          3
 Mephitic Cloud           Conj/Pois/Air  100%       N/A       1%          3
 Stone Arrow              Conj/Erth      100%       3d13      1%          3
 Vhi's Electric Charge    Tloc/Air       100%       N/A       1%          3
 Flame Wave               Conj/Fire      82%        2d18      1%          4
 Summon Lightning Spire   Summ/Air       100%       N/A       1%          4
 Orb of Destruction       Conj           55%        9d14      1%          7
 Call Canine Familiar     Summ           76%        N/A       3%          3
 Silence                  Hex/Air        54%        N/A       7%          5
 Frozen Ramparts          Ice            100%       1d16      11%         3
 Summon Guardian Golem    Hex/Summ       64%        N/A       14%         3
 Starburst                Conj/Fire      41%        6d12      19%         6
 Inner Flame              Hex/Fire       40%        N/A       28%         3
 Ignite Poison            Fire/Tmut/Pois 37%        N/A       32%         3
 Summon Ice Beast         Ice/Summ       66%        N/A       36%         4
 Confusing Touch          Hex            50%        N/A       52%         3
 Chain Lightning          Conj/Air       67%        3d89      61%         9
 Gell's Gravitas          Tloc           43%        N/A       65%         3
 Teleport Other           Tloc           43%        N/A       65%         3
 Animate Armour           Summ/Erth      100%       N/A       65%         4
 Spider Form              Tmut/Pois      40%        N/A       73%         3
 Olgreb's Toxic Radiance  Pois           31%        N/A       82%         4
 Ice Form                 Ice/Tmut       52%        N/A       85%         4
 Summon Forest            Summ/Tloc      31%        N/A       85%         5
 Summon Cactus Giant      Summ           38%        N/A       86%         6
 Vampiric Draining        Necr           31%        2d8       90%         3
 Storm Form               Tmut/Air       54%        N/A       91%         7
 Manifold Assault         Tloc           43%        N/A       96%         4
 Anguish                  Hex/Necr       20%        N/A       98%         4
 Petrify                  Tmut/Erth      40%        N/A       98%         4
 Lehudib's Crystal Spear  Conj/Erth      41%        10d10     99%         8
 Animate Dead             Necr           31%        N/A       100%        4
 Dispel Undead            Necr           31%        3d14      100%        4
 Agony                    Necr           31%        N/A       100%        5
 Alistair's Intoxication  Tmut/Pois      26%        N/A       100%        5
 Borgnjor's Vile Clutch   Necr/Erth      15%        N/A       100%        5
 Death Channel            Necr           15%        N/A       100%        6
 Dispersal                Tloc           21%        N/A       100%        6
 Eringya's Noxious Bog    Tmut/Pois      20%        N/A       100%        6
 Simulacrum               Ice/Necr       21%        N/A       100%        6
 Enfeeble                 Hex            25%        N/A       100%        7
 Malign Gateway           Summ/Tloc      31%        N/A       100%        7
 Summon Hydra             Summ           38%        N/A       100%        7
 Disjunction              Tloc           21%        N/A       100%        8
 Summon Horrible Things   Summ           38%        N/A       100%        8
 Fire Storm               Conj/Fire      41%        8d10      100%        9
 Polar Vortex             Ice            27%        N/A       100%        9
 Shatter                  Erth           15%        3d15*     100%        9


Dungeon Overview and Level Annotations

Branches:
Dungeon (15/15)            Temple (0/1) D:7            Lair (5/5) D:10
  Swamp (4/4) Lair:2        Snake (4/4) Lair:3        Slime (5/5) Lair:4
    Orc (2/2) D:10            Elf (3/3) Orc:2        Vaults (5/5) D:13
  Crypt (0/3) Vaults:2     Depths (4/4) D:15            Zot (5/5) Depths:4
  Sewer (visited)          Bailey (visited)           IceCv (visited)

Altars:
Ashenzari
Dithmenos
Fedhas
Hepliaklqana
Kikubaaqudgha
Nemelex Xobeh
Okawaru
Ru
Sif Muna
Trog
Uskayaw
Vehumet
Wu Jian
Xom
Zin
The Shining One
Jiyva
Lugonu

Shops:
D:4 *   D:6 (   D:7 (   D:14 *   Orc:1 **   Orc:2 [=((   Elf:2 ==::
Snake:3 :((*:   Snake:4 (   Vaults:1 =   Vaults:4 *([   Vaults:5 !=:
Depths:1 *

Portals:
Hell: Depths:1 Depths:2 Depths:3 Depths:4
Abyss: Elf:1 Lair:5 Depths:2 Depths:3 Depths:4
Pandemonium: Depths:1 Depths:2
Ziggurat: Depths:3
Trove: Elf:2 (give +2 fire dragon scales)

Annotations:
Zot:4 exclusion: 3 doors
Zot:5 1 exclusion


Innate Abilities, Weirdness & Mutations

You have a beak for a mouth.
You have claws for feet.
Your magical nature lets you fly swiftly and evasively.
You are very agile. (Dex +8, Str/Int -2)
Your magical capacity is low. (-10% MP)


Message History

Things that are here:
2 boomerangs; a +0 flail
There is an open door here.
There is a stone staircase leading up here.
You fly upwards.
There is a stone staircase leading down here.
A Hell Sentinel comes into view.
You see here 3 stones.
The Hell Sentinel moves out of view.
Things that are here:
a +0 flail; a +0 flail You see here a +0 flail.
Things that are here:
a +0 war axe; a +0 heavy flail
Items here: )) [[.
There is a stone staircase leading up here.
(D) Dungeon (T) Temple (L) Lair (S) Swamp (P) Snake Pit (M) Slime Pits (O) Orcish Mines (E) Elven Halls (V) Vaults (C) Crypt (U) Depths (H) Hell (Z) Zot
Where to? (Enter - D:1, ? - help)
You fly upwards.
There is a stone staircase leading down here.
There is a stone staircase leading up here.
You fly upwards.
There is a stone staircase leading down here.
There is a stone staircase leading up here.
You fly upwards.
There is a stone staircase leading down here.
There is a stone staircase leading up here.
You fly upwards.
There is a stone staircase leading down here.
Okay, then.
Aiming: Dig
Press: ? - help, Shift-Dir - straight line A rock wall.
This square is covered in magical glow.
The rock shatters into small pieces.
The now-empty wand crumbles to dust.
There is a staircase leading out of the dungeon here.
You have escaped!

....##...#.#.#.#.#.#.#.#....##
...######...............##...#
##.# #......#[.........#...#
.#.# ##.......#.......##...#
.#.# #.....#....#......#..##
.#.# ##...........#...##...#
##.### #....#.#.#.#...#[.#...#
...#.####...............##...#
####...#...#..#.@.#..#...#..##
...#..###...............##.##
...#...#..#...#.#.#.#....###
.#.#.#.##...#...........##
.#.#...#......#....#.....#
.#.#...##.......#.......##
##.#...#..........#......#
...##..##...............####
######...#.#.#.#.#.#.#.#...#


There were no monsters in sight!

Vanquished Creatures
  the Royal Jelly (Slime:5)
  Dissolution (Slime:3)
  An orb of fire (Zot:1)
  2 dread liches
  2 ancient liches (Vaults:4)
  Tiamat (Zot:3)
  Mara (Depths:1)
  A juggernaut (Depths:4)
  Sojobo (Vaults:2)
  Parghit (Depths:3)
  Saint Roka (Snake:3)
  Frederick (Vaults:5)
  Margery (Vaults:3)
  2 curse toes (Zot:3)
  13 golden dragons
  2 bone dragons
  A doom hound (Depths:3)
  2 electric golems
  A hellephant (Elf:1)
  18 tentacled monstrosities
  An Orb Guardian (D:14)
  Mlioglotl (Snake:2)
  2 titans
  4 quicksilver dragons
  3 deep elf blademasters
  A quicksilver dragon (shapeshifter) (Depths:3)
  4 liches
  4 deep elf master archers (Elf:3)
  22 acid blobs
  Grunn (Depths:3)
  Gastronok (Lair:2)
  10 death cobs
  2 Executioners
  A sphinx (Depths:4)
  20 storm dragons
  6 tengu reavers
  15 shadow dragons
  A daeva (Zot:3)
  12 azure jellies
  8 draconian monks
  12 rockslimes
  8 fire giants
  An azure jelly (shapeshifter) (Zot:2)
  4 nagarajas
  A fenstrider witch (Swamp:2)
  A rockslime (shapeshifter) (Vaults:4)
  7 deep elf sorcerers
  5 draconian knights
  2 iron dragons
  7 frost giants
  5 draconian scorchers
  19 vault wardens
  4 deep elf elementalists (Elf:3)
  2 ghost moths
  A curse skull (Vaults:2)
  2 orc warlords
  6 draconian stormcallers
  8 draconian shifters
  15 quicksilver oozes
  A reaper (IceCv)
  16 ironbound preservers
  2 draconian annihilators (Zot:2)
  4 vampire knights
  27 very ugly things
  A spriggan defender (Depths:2)
  2 war gargoyles (Vaults:4)
  21 stone giants
  The ghost of holysushi the Unseen, an adept VSMo of Gozag (Elf:1)
  6 ironbound thunderhulks
  7 green draconians
  5 purple draconians
  2 red draconians
  2 lorocyprocas
  2 eleionomae
  12 black draconians
  8 white draconians
  5 bunyips
  8 deep elf demonologists
  12 deep elf annihilators
  7 spark wasps
  12 yellow draconians
  4 nameless horrors
  12 dire elephants
  The ghost of runemasterragnar the Transmogrifier, a journeyman DrTm of Gozag (Orc:2)
  Snorg (D:13)
  3 deep elf death magi
  The ghost of Cetwoggev the Blocker, a journeyman FoFi of Okawaru (D:12)
  An eidolon (Vaults:2)
  8 ettins
  11 fire dragons
  2 green deaths (Swamp:4)
  6 deep elf high priests
  16 yaktaur captains
  10 great orbs of eyes
  11 ice dragons
  2 rakshasas (Elf:1)
  A hell beast (Swamp:4)
  27 vault guards
  A peacekeeper (Vaults:4)
  8 spriggan air magi
  An ice dragon (shapeshifter) (Vaults:5)
  2 salamander tyrants (Snake:4)
  A ghost crab (Swamp:3)
  15 hydras
  5 ogre magi
  12 ironbound frosthearts
  4 alligators
  8 tengu warriors
  8 anacondas
  32 dancing weapons
  17 two-headed ogres
  7 boulder beetles
  13 naga warriors
  4 centaur warriors
  13 hell hogs (Depths:2)
  5 thrashing horrors
  9 deep troll earth magi
  Urug (Lair:1)
  2 vampire magi
  6 deep troll shamans
  6 death yaks (Lair:2)
  10 naga sharpshooters
  8 deep elf knights
  3 spriggan berserkers
  6 shock serpents
  A shock serpent (shapeshifter) (Vaults:5)
  Amaemon (Lair:2)
  8 iron trolls
  3 salamander mystics
  Lodul (D:13)
  A sun demon (D:10)
  11 hell knights
  A sixfirhy (D:10)
  6 skeletal warriors (D:15)
  7 sea snakes
  3 goliath frogs
  6 spriggan druids
  7 swamp dragons
  9 deep elf archers
  2 flayed ghosts
  2 sphinx zombies (D:15)
  3 skysharks (Lair:4)
  A sea snake (shapeshifter) (Elf:1)
  9 naga ritualists
  7 bog bodies
  6 phantasmal warriors
  5 glowing orange brains
  5 lindwurms (Vaults:1)
  3 orc knights
  10 wizards
  46 deep trolls
  22 ironbound convokers
  5 harpies (Vaults:3)
  8 necromancers
  28 deep elf pyromancers
  28 deep elf zephyrmancers
  A wolf spider (Vaults:5)
  8 mana vipers
  2 wolf spiders (shapeshifter)
  An oklob plant (Lair:5)
  57 ugly things
  4 orc sorcerers
  21 salamanders
  2 stone giant zombies
  A tengu skeleton (Depths:1)
  3 manticores
  4 cyclopes
  A shining eye (Slime:1)
  22 moths of wrath
  2 will-o-the-wisps
  9 elephants (Lair:5)
  2 rust devils (D:10)
  A stone giant skeleton (Vaults:4)
  31 black mambas
  16 vault sentinels
  4 orange demons
  The ghost of patfeehan111222 the Slasher, a novice MiBe of Trog (D:5)
  2 ice statues (IceCv)
  Maurice (Orc:1)
  4 guardian serpents
  4 eyes of devastation
  An eye of devastation (shapeshifter) (Vaults:5)
  4 smoke demons
  17 naga magi
  3 torpor snails
  A demonic crawler (D:14)
  12 cane toads
  A torpor snail (shapeshifter) (Vaults:5)
  3 rime drakes
  An efreet (D:14)
  A spriggan zombie (D:15)
  10 komodo dragons
  An elf zombie (Vaults:4)
  Psyche (D:10)
  3 anaconda simulacra (IceCv)
  A human zombie (Vaults:4)
  7 ice devils
  4 tengu conjurers
  2 ancient zymes (Lair:5)
  A freezing wraith (Vaults:1)
  39 yaktaurs
  A yaktaur skeleton (Vaults:4)
  14 trolls
  4 polar bears
  4 tyrant leeches
  2 bloated husks (Swamp:4)
  10 hornets
  2 tyrant leeches (shapeshifter)
  3 meliai (D:14)
  2 red devils
  28 blink frogs
  Prince Ribbit (Lair:1)
  10 dream sheep
  A raiju (shapeshifter) (D:13)
  Sigmund (D:2)
  A centaur simulacrum (D:15)
  A slime creature (shapeshifter) (Depths:2)
  A spriggan skeleton (Depths:1)
  112 slime creatures
  8 shadows
  A vampire (D:9)
  2 wyverns
  A wraith (D:6)
  4 air elementals
  2 fire elementals
  10 spriggans
  38 yaks
  7 water elementals
  3 dire elephant simulacra (IceCv)
  4 fire bats (Depths:3)
  5 golden eyes (Slime:4)
  A neqoxec (D:10)
  4 basilisks
  6 chaos spawn
  A steam dragon (D:6)
  6 vampire mosquitoes
  3 wargs
  Menkaure (D:5)
  A swamp worm (shapeshifter) (Depths:3)
  16 swamp worms
  A death yak simulacrum (IceCv)
  9 small abominations (Lair:5)
  3 harpy simulacra (IceCv)
  55 nagas
  14 water moccasins
  7 acid dragons
  Duvessa (D:4)
  2 floating eyes
  2 hell hounds (Zot:4)
  A hydra simulacrum (IceCv)
  2 floating eyes (shapeshifter)
  A glowing shapeshifter skeleton (Depths:1)
  7 large abominations
  4 black bears
  2 swamp drakes
  38 orc warriors
  A sky beast (D:8)
  32 ogres
  15 wolves
  5 boggarts (D:14)
  17 centaurs
  4 phantoms
  An elf simulacrum (Vaults:4)
  2 kobold brigands
  9 bullfrogs
  3 earth elementals
  A necrophage (D:5)
  3 gnoll sergeants
  2 two-headed ogre simulacra (IceCv)
  A scorpion (D:6)
  A wight (D:9)
  Dowan (D:4)
  3 killer bees (D:9)
  7 electric eels
  A howler monkey (D:6)
  2 quasits (D:10)
  2 hounds (D:5)
  4 jellies
  2 gnoll boudas (D:7)
  14 orc priests
  7 iguanas
  2 spectral orcs (Orc:2)
  Natasha (thrice) (D:2)
  34 orc wizards
  A troll simulacrum (Orc:2)
  A polar bear simulacrum (IceCv)
  2 spriggan simulacra (IceCv)
  Robin (D:3)
  An ogre simulacrum (Orc:2)
  6 adders
  28 gnolls
  9 river rats (D:7)
  3 shadow imps
  A white imp (D:8)
  3 orc simulacra (Orc:2)
  An ufetubus (D:5)
  6 worms
  3 dart slugs
  120 orcs
  12 ball pythons
  8 endoplasms
  6 giant cockroaches
  27 goblins
  9 hobgoblins
  6 jackals
  22 kobolds
  3 quokkas
  2 training dummies (D:4)
  8 bats
  3 frilled lizards
  19 rats
  A ball lightning (Vaults:2)
  A lurking horror (Elf:1)
2305 creatures vanquished.

Vanquished Creatures (collateral kills)
  An ancient lich (Zot:2)
  A juggernaut (Depths:3)
  2 doom hounds (Depths:3)
  2 titans (Vaults:5)
  2 shadow dragons
  2 storm dragons
  A green draconian (Zot:3)
  A purple draconian (Zot:2)
  3 white draconians
  4 yellow draconians
  3 red draconians
  2 moths of wrath
  10 ball lightnings
34 creatures vanquished.

Vanquished Creatures (others)
  A draconian knight (Zot:4)
  A yellow draconian (Zot:2)
  2 deep elf knights (Elf:2)
  A death drake (Swamp:2)
  A wizard (Depths:2)
  A bloated husk (Swamp:2)
  An acid dragon (Zot:3)
  156 ball lightnings
  4 bushes
  2 demonic plants (D:10)
  2 foxfires (Swamp:4)
  86 fulminant prisms
  56 fungi
  104 plants
  5 withered plants (D:15)
423 creatures vanquished.

Grand Total: 2762 creatures vanquished

Notes
Turn   | Place    | Note
-------+----------+-------------------------------------------
     0 | D:1      | browni3141 the Tengu Conjurer began the quest for the Orb.
     0 | D:1      | Reached XP level 1. HP: 10/10 MP: 4/4
    94 | D:1      | Reached skill level 1 in Fighting
   342 | D:1      | Reached XP level 2. HP: 16/16 MP: 3/6
   451 | D:1      | Learned a level 2 spell: Searing Ray
   788 | D:1      | Reached XP level 3. HP: 21/21 MP: 5/7
   847 | D:1      | Learned a level 3 spell: Dazzling Flash
  1378 | D:2      | Noticed Sigmund
  1710 | D:3      | Found a glowing golden altar of the Shining One.
  1712 | D:3      | Found a hide-covered altar of Uskayaw.
  1712 | D:3      | Found a sparkling altar of Nemelex Xobeh.
  1712 | D:3      | Found an ancient bone altar of Kikubaaqudgha.
  1713 | D:3      | Found a hazy altar of Hepliaklqana.
  1713 | D:3      | Found a glowing silver altar of Zin.
  1713 | D:3      | Found a sacrificial altar of Ru.
  1713 | D:3      | Found a bloodstained altar of Trog.
  1901 | D:3      | Reached XP level 4. HP: 26/26 MP: 2/8
  1966 | D:3      | Found an iron altar of Okawaru.
  2063 | D:3      | Found an ornate altar of the Wu Jian Council.
  2100 | D:3      | Gained mutation: Your magical nature lets you fly swiftly
                  | and evasively. [Tengu growth]
  2100 | D:3      | Reached XP level 5. HP: 23/30 MP: 9/9
  2256 | D:3      | Noticed Robin
  2292 | D:3      | Killed Robin
  2581 | D:3      | Identified the +1 mace "Mapiod Teut" {freeze, *Slow Fragile
                  | rElec Stlth+}
  2773 | D:4      | Found a blossoming altar of Fedhas.
  2877 | D:4      | Noticed a phantom
  2916 | D:3      | Killed a phantom
  2917 | D:3      | Reached XP level 6. HP: 17/36 MP: 1/10
  3076 | D:3      | Learned a level 1 spell: Apportation
  3426 | D:4      | Found Xol Naunt's Overcharged Wands.
  3510 | D:4      | Noticed Duvessa
  3510 | D:4      | Noticed Dowan
  3613 | D:5      | Entered Level 5 of the Dungeon
  3880 | D:5      | HP: 1/36 [gnoll sergeant/+0 spear of freezing (6)]
  4081 | D:5      | Reached XP level 7. HP: 31/41 MP: 12/12
  4086 | D:5      | Reached skill level 1 in Hexes
  4181 | D:5      | Found a broken altar of Ashenzari.
  4283 | D:6      | Found a glowing drain.
  4367 | Sewer    | Entered a sewer
  4472 | Sewer    | Learned a level 4 spell: Fulminant Prism
  4769 | D:6      | Reached XP level 8. HP: 48/48 MP: 15/15
  4863 | D:6      | Noticed a wraith
  5013 | D:6      | Killed a wraith
  5296 | D:6      | Reached skill level 10 in Conjurations
  5648 | D:6      | Found Osecot's Weapon Boutique.
  5952 | D:5      | Noticed Menkaure
  5962 | D:5      | Killed Menkaure
  5963 | D:5      | Reached XP level 9. HP: 52/52 MP: 11/16
  6360 | D:5      | Found a runed translucent door.
  6468 | D:5      | Reached skill level 5 in Stealth
  6621 | D:5      | Noticed patfeehan111222's ghost (novice MiBe)
  6643 | D:5      | Found a radiant altar of Vehumet.
  6733 | D:5      | Became a worshipper of Vehumet
  6978 | D:3      | Found an ornate altar of the Wu Jian Council.
  7014 | D:3      | Found an iron altar of Okawaru.
  7206 | D:3      | Found a glowing golden altar of the Shining One.
  7207 | D:3      | Found a hide-covered altar of Uskayaw.
  7209 | D:3      | Found a sparkling altar of Nemelex Xobeh.
  7209 | D:3      | Found a hazy altar of Hepliaklqana.
  7209 | D:3      | Found a glowing silver altar of Zin.
  7211 | D:3      | Found a sacrificial altar of Ru.
  7211 | D:3      | Found an ancient bone altar of Kikubaaqudgha.
  7213 | D:3      | Found a bloodstained altar of Trog.
  7801 | D:4      | Killed Duvessa
  7808 | D:4      | Killed Dowan
  8066 | D:5      | Killed patfeehan111222's ghost
  8482 | D:6      | Reached skill level 5 in Dodging
  8662 | D:6      | Learned a level 4 spell: Iskenderun's Mystic Blast
  8674 | D:7      | Reached skill level 5 in Fighting
  8772 | D:7      | Reached skill level 1 in Translocations
  8844 | D:7      | Found Pafruh's Weapon Emporium.
  9075 | D:7      | Found a staircase to the Ecumenical Temple.
  9273 | D:7      | Reached skill level 1 in Short Blades
  9454 | D:7      | Reached * piety under Vehumet
  9454 | D:7      | Offered knowledge of Foxfire by Vehumet.
  9558 | D:8      | Found a flagged portal.
  9722 | D:8      | Reached XP level 10. HP: 43/60 MP: 17/17
  9834 | Bailey   | Entered a bailey
  9841 | Bailey   | Reached ** piety under Vehumet
  9854 | Bailey   | Offered knowledge of Poisonous Vapours by Vehumet.
 11142 | Bailey   | Identified the +8 triple sword "Grim Tooth" {heavy, *Rage
                  | Dex+6}
 11159 | Bailey   | Offered knowledge of Hailstorm by Vehumet.
 11762 | Bailey   | Reached *** piety under Vehumet
 12003 | Bailey   | Learned a level 3 spell: Hailstorm
 12136 | D:8      | Reached skill level 1 in Shields
 12882 | D:9      | Reached skill level 5 in Spellcasting
 13055 | D:9      | Found a shimmering altar of Xom.
 13098 | D:9      | Reached XP level 11. HP: 59/68 MP: 19/19
 13101 | D:9      | Offered knowledge of Sticky Flame by Vehumet.
 13273 | D:9      | Reached XP level 12. HP: 73/73 MP: 21/21
 13688 | D:9      | Noticed a two-headed ogre
 13715 | D:9      | Killed a two-headed ogre
 13781 | D:9      | Reached **** piety under Vehumet
 13796 | D:9      | Learned a level 4 spell: Sticky Flame
 14141 | D:10     | Entered Level 10 of the Dungeon
 14146 | D:10     | Offered knowledge of Yara's Violent Unravelling by Vehumet.
 14269 | D:10     | Found a staircase to the Orcish Mines.
 14271 | D:10     | Noticed Psyche
 14278 | D:10     | Killed Psyche
 14610 | D:10     | Noticed a sun demon
 14619 | D:10     | Killed a sun demon
 14780 | D:10     | Noticed a two-headed ogre
 14800 | D:10     | Killed a two-headed ogre
 14801 | D:10     | Reached skill level 1 in Evocations
 15146 | D:10     | Found a shadowy altar of Dithmenos.
 15244 | D:10     | Found a staircase to the Lair.
 15255 | D:10     | Reached skill level 15 in Conjurations
 15630 | D:10     | Reached ***** piety under Vehumet
 15630 | D:10     | Offered knowledge of Freezing Cloud by Vehumet.
 15649 | D:10     | Learned a level 5 spell: Freezing Cloud
 15809 | D:11     | Reached skill level 1 in Air Magic
 15809 | D:11     | Reached XP level 13. HP: 78/78 MP: 26/26
 15973 | D:11     | Reached skill level 1 in Ice Magic
 16949 | Lair:1   | Entered Level 1 of the Lair of Beasts
 16949 | Lair:1   | Noticed Urug
 16965 | Lair:1   | Killed Urug
 17042 | Lair:1   | Reached skill level 5 in Evocations
 17191 | Lair:1   | You are sucked into a shaft and drop 1 floor!
 17208 | Lair:2   | Reached skill level 5 in Air Magic
 17302 | Lair:2   | Found a transporter.
 17395 | Lair:1   | Noticed Prince Ribbit
 17417 | Lair:1   | Killed Prince Ribbit
 18028 | Lair:2   | Reached skill level 10 in Spellcasting
 18132 | Lair:2   | Noticed Amaemon
 18141 | Lair:2   | Killed Amaemon
 18386 | Lair:2   | Reached XP level 14. HP: 84/84 MP: 30/30
 18407 | Lair:2   | Noticed Gastronok
 18415 | Lair:2   | Killed Gastronok
 18604 | Lair:2   | Found a transporter.
 19007 | Lair:2   | Found a staircase to the Swamp.
 19335 | Lair:3   | Found a staircase to the Snake Pit.
 20132 | Lair:4   | Found a staircase to the Slime Pits.
 20133 | Lair:4   | Found a viscous altar of Jiyva.
 20987 | Lair:5   | Entered Level 5 of the Lair of Beasts
 21277 | Lair:5   | Offered knowledge of Eringya's Noxious Bog by Vehumet.
 22256 | Lair:5   | Reached XP level 15. HP: 83/90 MP: 33/33
 22860 | Lair:5   | Found a corrupted altar of Lugonu.
 22860 | Lair:5   | Found a one-way gate to the infinite horrors of the Abyss.
 22946 | Lair:5   | Got the Meditations on Kindling and Shapes
 23911 | D:12     | Found a frozen archway.
 23916 | D:12     | Reached skill level 10 in Dodging
 24026 | IceCv    | Entered an ice cave
 24235 | IceCv    | Offered knowledge of Arcjolt by Vehumet.
 24242 | IceCv    | Learned a level 5 spell: Arcjolt
 24601 | IceCv    | Reached skill level 10 in Fighting
 25218 | D:12     | Found a runed translucent door.
 25219 | D:12     | Noticed Cetwoggev's ghost (journeyman FoFi)
 25498 | D:12     | Found the +7 Throatcutter {drain, coup de grace}
 25500 | D:12     | Identified the +1 pair of boots of the Present {rPois}
 25503 | D:12     | Identified the amulet of Neloovea {RegenMP +Inv rF+ Will+
                  | Str+3}
 25586 | D:12     | Killed Cetwoggev's ghost
 25782 | Orc:1    | Entered Level 1 of the Orcish Mines
 25782 | Orc:1    | Found Gyanikus's Assorted Antiques.
 25862 | Orc:1    | Found Beonog's General Store.
 25866 | Orc:1    | Noticed Maurice
 25876 | Orc:1    | Killed Maurice
 25876 | Orc:1    | Reached ****** piety under Vehumet
 25962 | Orc:1    | Bought a scroll of identify for 26 gold pieces
 26219 | Orc:2    | Entered Level 2 of the Orcish Mines
 26322 | Orc:2    | Found a staircase to the Elven Halls.
 26359 | Orc:2    | Noticed an orc warlord
 26426 | Orc:2    | Killed an orc warlord
 26427 | Orc:2    | Reached skill level 10 in Air Magic
 26636 | Orc:2    | Found Giyminy's Jewellery Emporium.
 26637 | Orc:2    | Found Defosm's Armour Boutique.
 26638 | Orc:2    | Found Repusil's Antique Weapon Emporium.
 26638 | Orc:2    | Found Baoqoox's Antique Weapon Shop.
 26647 | Orc:2    | Reached XP level 16. HP: 97/97 MP: 34/34
 26650 | Orc:2    | Offered knowledge of Fireball by Vehumet.
 26864 | Orc:2    | Learned a level 4 spell: Airstrike
 26884 | Orc:2    | Found a runed translucent gate.
 26885 | Orc:2    | Found a runed translucent gate.
 26886 | Orc:2    | Found a runed translucent gate.
 26888 | Orc:2    | Noticed runemasterragnar's ghost (journeyman DrTm)
 27701 | D:13     | You are sucked into a shaft and drop 2 floors!
 27701 | D:15     | Entered Level 15 of the Dungeon
 28318 | D:14     | Reached skill level 15 in Air Magic
 28454 | D:14     | Found Lumuip's General Store.
 28463 | D:14     | Bought a phial of floods for 640 gold pieces
 28921 | D:14     | Offered knowledge of Irradiate by Vehumet.
 28928 | D:14     | Learned a level 5 spell: Irradiate
 29954 | D:13     | Noticed Snorg
 29959 | D:13     | Killed Snorg
 30129 | D:13     | Found a gate to the Vaults.
 30307 | D:13     | Noticed Lodul
 30316 | D:13     | Killed Lodul
 30317 | D:13     | Reached skill level 1 in Transmutations
 30506 | D:13     | Identified the +6 rapier of Unanni {venom, +Blink rPois
                  | Int-5 Stlth+}
 31123 | D:15     | Found a staircase to the Depths.
 31692 | D:15     | Reached XP level 17. HP: 103/103 MP: 8/35
 32126 | Swamp:1  | Entered Level 1 of the Swamp
 32808 | Swamp:1  | Found a sparkling altar of Nemelex Xobeh.
 33675 | Swamp:2  | Identified a scroll of acquirement
 33686 | Swamp:2  | Acquired 1075 gold pieces
 33920 | Swamp:2  | Noticed a tentacled monstrosity
 33943 | Swamp:2  | Killed a tentacled monstrosity
 34164 | Swamp:2  | Acquired a book of Armaments
 34452 | Swamp:3  | Offered knowledge of Lee's Rapid Deconstruction by Vehumet.
 34936 | Swamp:4  | Entered Level 4 of the Swamp
 34974 | Swamp:4  | Noticed a tentacled monstrosity
 34989 | Swamp:4  | Killed a tentacled monstrosity
 36523 | Swamp:4  | Paralysed by a great orb of eyes for 3 turns
 36531 | Swamp:4  | Reached XP level 18. HP: 74/111 MP: 13/36
 36699 | Swamp:4  | Got a decaying rune of Zot
 36883 | Snake:1  | Entered Level 1 of the Snake Pit
 38056 | Snake:1  | Offered knowledge of Conjure Ball Lightning by Vehumet.
 38463 | Snake:2  | Noticed Mlioglotl
 38493 | Snake:2  | Killed Mlioglotl
 39209 | Snake:2  | Reached skill level 15 in Spellcasting
 39762 | Snake:3  | Noticed Saint Roka
 39771 | Snake:3  | Killed Saint Roka
 40086 | Snake:3  | Found Rycseu Luve's Tremendous Tomes.
 40137 | Snake:3  | Learned a level 6 spell: Conjure Ball Lightning
 40719 | Snake:3  | Found Petinalixa's Weapon Shoppe.
 40841 | Snake:3  | Found Qioti's General Store.
 40841 | Snake:3  | Found Behaoroz's Antique Weapon Shoppe.
 40842 | Snake:3  | Acquired 811 gold pieces
 40846 | Snake:3  | Found Ymothraro's Book Emporium.
 40854 | Snake:3  | Bought a book of Lightning for 532 gold pieces
 40854 | Snake:3  | Bought a book of Dangerous Friends for 560 gold pieces
 40857 | Snake:3  | Bought a potion of resistance for 190 gold pieces
 41270 | Snake:4  | Entered Level 4 of the Snake Pit
 41297 | Snake:4  | Found Lorenott's Antique Weapon Boutique.
 41540 | Snake:4  | Identified the +10 longbow "Forirox" {freeze, *Slow rF+
                  | rN+++ Str+2}
 41977 | Snake:4  | Reached XP level 19. HP: 56/116 MP: 37/40
 42266 | Snake:4  | Offered knowledge of Ignition by Vehumet.
 42266 | Snake:4  | Offered knowledge of Maxwell's Capacitive Coupling by
                  | Vehumet.
 42271 | Snake:4  | Learned a level 3 spell: Swiftness
 42877 | Snake:4  | Got a serpentine rune of Zot
 43428 | Snake:4  | Bought a twisted sling for 305 gold pieces
 43428 | Snake:4  | Identified the +5 sling of Varuil {flame, Dex+3} (You
                  | bought it in a shop on level 4 of the Snake Pit)
 43428 | Snake:4  | Bought a scorched trident for 399 gold pieces
 43428 | Snake:4  | Identified the +1 trident of Zuom {heavy, Will+ MP+9 Dex+4
                  | Stlth+} (You bought it in a shop on level 4 of the Snake
                  | Pit)
 43640 | Orc:1    | Bought a potion of lignification for 84 gold pieces
 43640 | Orc:1    | Bought a bronze ring for 140 gold pieces
 43640 | Orc:1    | Bought a scroll of poison for 112 gold pieces
 43640 | Orc:1    | Bought a scroll of enchant armour for 210 gold pieces
 44104 | D:2      | Noticed Natasha
 44105 | D:2      | Killed Sigmund
 44107 | D:2      | Killed Natasha
 44130 | D:2      | Noticed Natasha
 44133 | D:2      | Killed Natasha
 44153 | D:2      | Noticed Natasha
 44156 | D:2      | Killed Natasha
 44449 | Orc:2    | Killed runemasterragnar's ghost
 44511 | Elf:1    | Entered Level 1 of the Elven Halls
 44624 | Elf:1    | Noticed a hellephant
 44639 | Elf:1    | Noticed holysushi's ghost (adept VSMo)
 44673 | Elf:1    | Found a transporter.
 44773 | Elf:1    | Paralysed by an air elemental for 1 turns
 44775 | Elf:1    | Paralysed by an air elemental for 1 turns
 45046 | Elf:1    | Found a transporter.
 45530 | Elf:3    | Entered Level 3 of the Elven Halls
 45957 | Elf:3    | Found a shimmering blue altar of Sif Muna.
 46176 | Elf:3    | Paralysed by an air elemental for 1 turns
 46461 | Elf:3    | Identified the +1 trident of Wu Jian, Freezing {spect,
                  | rElec Will- rCorr Dex+2}
 46461 | Elf:3    | Identified the ring of Ritsaj {+Blink rN+ Int-5 Dex+3 SInv}
 46513 | Elf:3    | Reached XP level 20. HP: 123/123 MP: 22/43
 46535 | Elf:3    | Identified the +0 leather armour of Bioteafiu {Dex+3}
 46544 | Elf:3    | Reached skill level 15 in Shields
 46665 | Elf:3    | Identified the ring of Wu Jian's Favour {rC+ Str+2}
 46678 | Elf:3    | Identified the ring of the Final Wars {Will+ MP+9 Str+6}
 46720 | Elf:3    | Got the Cyclopedia of the Hornet
 46840 | Elf:3    | Identified the +0 chain mail of the Trees {rPois Int+3}
 46861 | Elf:3    | Got the Atlas of Command and Fascination
 47540 | Elf:2    | Reached skill level 15 in Dodging
 47610 | Elf:2    | Found Xelif's Book Shoppe.
 47687 | Elf:2    | Found a runed translucent gate.
 47687 | Elf:2    | Found a runed translucent gate.
 47687 | Elf:2    | Found a runed translucent gate.
 47881 | Elf:2    | Found Kieshraun's Book Shoppe.
 47881 | Elf:2    | Found Hofacway's Jewellery Boutique.
 47882 | Elf:2    | Found Wuzel's Jewellery Boutique.
 48036 | Elf:2    | Reached skill level 1 in Armour
 48186 | Elf:2    | Found a portal to a secret trove of treasure.
 49077 | Vaults:1 | Entered Level 1 of the Vaults
 49359 | Vaults:1 | Found Cadonor's Jewellery Emporium.
 49816 | Vaults:1 | Reached XP level 21. HP: 130/130 MP: 44/44
 50228 | Vaults:1 | Found a transporter.
 50278 | Vaults:1 | Found a transporter.
 50868 | Vaults:1 | Identified the +1 pair of gloves "Geji" {rCorr Str+2
                  | Slay+2}
 51081 | Vaults:2 | Noticed Sojobo
 51095 | Vaults:2 | Killed Sojobo
 51596 | Vaults:2 | Found a staircase to the Crypt.
 51821 | Vaults:2 | Identified the ring "Deoruwos" {Will+ rCorr}
 52656 | Vaults:3 | Reached skill level 5 in Armour
 52948 | Vaults:3 | You are sucked into a shaft and drop 1 floor!
 53105 | Vaults:4 | Reached XP level 22. HP: 99/139 MP: 45/45
 53372 | Vaults:4 | Found Acitt's Armour Emporium.
 53375 | Vaults:4 | Found Ceptor's General Store.
 53434 | Vaults:4 | Reached skill level 15 in Fighting
 53533 | Vaults:4 | Found Atefeug's Magic Scroll Shoppe.
 53762 | Vaults:4 | Found Nagasus's Weapon Shop.
 53806 | Vaults:4 | Noticed an ancient lich
 53812 | Vaults:4 | Killed an ancient lich
 53813 | Vaults:4 | Reached skill level 10 in Evocations
 53935 | Vaults:4 | Found Leselorch's General Store.
 54280 | Vaults:3 | Noticed Margery
 54288 | Vaults:3 | Killed Margery
 55346 | Vaults:3 | Learned a level 8 spell: Maxwell's Capacitive Coupling
 55571 | Depths:1 | Entered Level 1 of the Depths
 55644 | Depths:1 | Noticed Mara
 55654 | Depths:1 | Noticed browni3141's illusion
 55656 | Depths:1 | Killed Mara
 55879 | Depths:1 | Found a gateway to Hell.
 55966 | Depths:1 | Found Zabbubie's Assorted Antiques.
 55972 | Depths:1 | Bought a scroll of magic mapping for 270 gold pieces
 55972 | Depths:1 | Bought a scroll of immolation for 144 gold pieces
 55972 | Depths:1 | Bought a scroll of silence for 342 gold pieces
 55972 | Depths:1 | Bought a potion of curing for 108 gold pieces
 56103 | Depths:1 | Identified the +0 robe of the First Mouths {rC+}
 56518 | Depths:1 | Found a one-way gate leading to the halls of Pandemonium.
 56835 | Depths:2 | Reached XP level 23. HP: 123/146 MP: 46/46
 57491 | Depths:2 | Identified the +3 pair of boots of the Invisible Hand
                  | {*Corrode Regen+ Dex+4}
 57998 | Depths:2 | Found a broken altar of Ashenzari.
 58605 | Depths:3 | Found a one-way gateway to a ziggurat.
 58698 | Depths:3 | Noticed a juggernaut
 58847 | Depths:3 | Noticed Parghit
 58855 | Depths:3 | Killed Parghit
 58882 | Depths:3 | Noticed Grunn
 58896 | Depths:3 | Killed Grunn
 58935 | Depths:3 | Killed a juggernaut
 59453 | Depths:4 | Entered Level 4 of the Depths
 59477 | Depths:4 | Found a transporter.
 59489 | Depths:4 | Noticed a golden dragon
 59495 | Depths:4 | Killed a golden dragon
 59881 | Depths:4 | Noticed a juggernaut
 59887 | Depths:4 | Killed a juggernaut
 60036 | Depths:4 | Found a transporter.
 60039 | Depths:4 | Found a transporter.
 60066 | Depths:4 | Found a transporter.
 60067 | Depths:4 | Found a transporter.
 60071 | Depths:4 | Found a gate to the Realm of Zot.
 60072 | Depths:4 | Reached XP level 24. HP: 109/154 MP: 47/47
 60309 | Depths:4 | Found a transporter.
 61380 | Elf:1    | Killed holysushi's ghost
 61681 | Slime:1  | Entered Level 1 of the Pits of Slime
 61973 | Slime:3  | Noticed Dissolution
 61984 | Slime:3  | Killed Dissolution
 62340 | Slime:5  | Entered Level 5 of the Pits of Slime
 62611 | Slime:5  | Noticed the Royal Jelly
 62819 | Slime:5  | Killed the Royal Jelly
 63103 | Slime:5  | Identified the ring of Ycin Ubu {Drain rC+ Will+ rCorr
                  | SInv}
 63147 | Slime:5  | Identified the ring "Uwunaw" {Ice rPois}
 63152 | Slime:5  | Got a slimy rune of Zot
 64033 | Slime:1  | Reached XP level 25. HP: 86/142 MP: 28/47
 64698 | D:12     | Learned a level 7 spell: Spellforged Servitor
 64867 | Zot:1    | Entered Level 1 of the Realm of Zot
 65115 | Depths:4 | Reached skill level 1 in Summonings
 65759 | Vaults:5 | Entered Level 5 of the Vaults
 66107 | Vaults:5 | Noticed a dread lich
 66132 | Vaults:5 | Noticed Frederick
 66253 | Vaults:5 | Got a silver rune of Zot
 66254 | Vaults:5 | Identified the +8 plate armour of Contumacious Curiosity
                  | {Fly rPois}
 66601 | Vaults:5 | Reached skill level 10 in Armour
 66617 | Vaults:5 | Noticed a dread lich
 66634 | Vaults:5 | Identified the +5 arbalest of the Queen {drain, Str+4}
 66831 | Vaults:5 | Noticed an ancient lich
 66886 | Vaults:4 | Killed an ancient lich
 66905 | Vaults:4 | Killed a dread lich
 67441 | Vaults:5 | Reached skill level 5 in Summonings
 67472 | Vaults:5 | Killed a dread lich
 67808 | Vaults:5 | a caustic shrike changed into a juggernaut
 67808 | Vaults:5 | Noticed a juggernaut (glowing shapeshifter)
 67810 | Vaults:5 | a juggernaut changed into a rockslime
 68165 | Vaults:5 | Killed Frederick
 68431 | Vaults:5 | Identified the +9 long sword of the Wary Seas {heavy, Str+3
                  | Int+3}
 68600 | Vaults:5 | Found Berues's Distillery.
 68752 | Vaults:5 | Bought a potion of resistance for 170 gold pieces
 68752 | Vaults:5 | Bought 3 potions of heal wounds for 255 gold pieces
 68752 | Vaults:5 | Bought a potion of ambrosia for 136 gold pieces
 68752 | Vaults:5 | Bought a potion of curing for 51 gold pieces
 68752 | Vaults:5 | Bought a potion of curing for 51 gold pieces
 68752 | Vaults:5 | Bought a potion of invisibility for 136 gold pieces
 68752 | Vaults:5 | Bought a potion of lignification for 51 gold pieces
 68752 | Vaults:5 | Bought a potion of lignification for 51 gold pieces
 68752 | Vaults:5 | Bought a potion of curing for 51 gold pieces
 68756 | Vaults:5 | Found Hubih's Distillery.
 68760 | Vaults:5 | Bought a potion of haste for 150 gold pieces
 68760 | Vaults:5 | Bought a potion of heal wounds for 75 gold pieces
 68760 | Vaults:5 | Bought a potion of resistance for 150 gold pieces
 68760 | Vaults:5 | Bought a potion of heal wounds for 75 gold pieces
 68760 | Vaults:5 | Bought a potion of heal wounds for 75 gold pieces
 68760 | Vaults:5 | Bought a potion of cancellation for 120 gold pieces
 69104 | Vaults:5 | Found Jywkuma's Jewellery Boutique.
 69119 | Vaults:5 | Found Geuwon's Book Emporium.
 69943 | Zot:1    | Reached XP level 26. HP: 160/168 MP: 47/47
 69972 | Zot:1    | Noticed an orb of fire
 69976 | Zot:1    | Killed an orb of fire
 70492 | D:15     | Learned a level 5 spell: Lightning Bolt
 71987 | Zot:2    | Acquired the +1 hat of Buzxazed {rC+ Dex+3 Stlth+}
 72100 | Zot:2    | Noticed an ancient lich
 72186 | Zot:2    | Killed an ancient lich
 72565 | Zot:2    | Gained mutation: You occasionally shout uncontrollably at
                  | your foes. [mutagenic glow]
 73895 | Zot:2    | Identified the +0 quarterstaff "Spiderslayer" {speed, Str+2
                  | Int+2 Dex+2}
 75378 | Zot:3    | Got the Handbook of Erosion and Lightning
 75426 | Zot:3    | Identified the +6 flail of Lonwoad {drain, Str+3 Int+3
                  | Dex+3}
 75857 | Zot:3    | Reached XP level 27. HP: 100/173 MP: 36/48
 75880 | Zot:2    | Gained mutation: Armour fits poorly on your strangely
                  | shaped body. [mutagenic glow]
 75943 | Zot:2    | Lost mutation: You occasionally shout uncontrollably at
                  | your foes. [potion of mutation]
 75943 | Zot:2    | Lost mutation: Armour fits poorly on your strangely shaped
                  | body. [potion of mutation]
 75943 | Zot:2    | Gained mutation: Your magical capacity is low. (-10% MP)
                  | [potion of mutation]
 75943 | Zot:2    | Gained mutation: You are agile. (Dex +4, Str/Int -1)
                  | [potion of mutation]
 75943 | Zot:2    | Gained mutation: You are very agile. (Dex +8, Str/Int -2)
                  | [potion of mutation]
 76319 | Zot:3    | Reached skill level 10 in Summonings
 77060 | Zot:3    | Found the +4 dragonskin cloak
 77060 | Zot:3    | Noticed Tiamat
 77068 | Zot:3    | Killed Tiamat
 77374 | Zot:3    | Identified the +10 shortbow "Diyhelus" {freeze, rN+ Str+2}
 77376 | Zot:3    | Got the Secrets of Spatial Reconstruction
 77379 | Zot:3    | Identified the +6 scale mail of Harete Wana {rPois rF+
                  | Int+2}
 77514 | Zot:4    | Acquired 759 gold pieces
 77929 | Zot:4    | Identified the +10 double sword "Faguxiy" {pain, Fly}
 79047 | Zot:5    | Entered Level 5 of the Realm of Zot
 79405 | Zot:5    | Noticed an orb of fire
 79405 | Zot:5    | Noticed an orb of fire
 79414 | Zot:5    | Got the Orb of Zot
 79416 | Zot:5    | Noticed an ancient lich
 79416 | Zot:5    | Noticed an ancient lich
 79420 | Zot:5    | Noticed Nidouptol the pandemonium lord
 79857 | D:11     | Noticed Qabuh the pandemonium lord
 80062 | D:$      | Escaped with the Orb!

Illustrated notes

Levels and vault maps discovered:
D:1:      co_arrival_square_in_a_square_in_a_square, layout_rooms,
          dk_noncrumbling_4, chequers_garden, patterned_corridor
D:2:      layout_basic, uniq_natasha, uniq_sigmund
D:3:      kennysheep_goblin_castle, layout_loops_ring,
          okawaru_ov_weapons_minmay, lemuel_doored_altar,
          grunt_temple_overflow_open
D:4:      dreamdust_elfheim, layout_rooms, nicolae_overflow_hidden_temple,
          nicolae_shop_overcharged_wands
D:5:      layout_basic, lemuel_tele_altar, overflow_temple_1_default,
          ebering_ghost_reflecting_pool, kennysheep_decorative_pillar,
          uniq_menkaure
D:6:      layout_basic, serial_shops, shop, cheibrodos_sewer_entry_sluice
D:7:      layout_rooms, minmay_temple_entry_crystal_x, serial_shops, shop,
          minmay_misc_feat_secret_circle, dk_rats_in_the_wall
D:8:      layout_basic, enter_bailey_5
D:9:      kennysheep_ambush_hall, layout_basic, xom_teletrap_fun, minivault_27
D:10:     wad_crossroads, layout_irregular_city, lemuel_crystal_altar,
          grunt_lair_entry_orc_guard_hut, hiddenorc2_lemuel, serial_demonic,
          serial_demonic_a, serial_demonic_e, serial_demonic_d,
          serial_demonic_f, serial_demonic_e, serial_demonic_b, uniq_psyche
D:11:     layout_basic
D:12:     layout_long_grid, portal_ice_cave_entry_animals_and_master,
          ebering_ghost_reflecting_pool, minmay_checkered_concentric_circles
D:13:     layout_roguey, david_vaults_1, due_unseen_surprise, uniq_lodul,
          uniq_snorg
D:14:     layout_layer_cave, chequers_serial_rivers_marsh, serial_shops,
          nicolae_shop_crystal
D:15:     gammafunk_depths_entry_grave, layout_irregular_city,
          chequers_serial_rivers_small_a, hangedman_abyss_or_decor_stabs
Lair:1:   layout_misc_corridors, fungi_pond_lemuel, grunt_megastairs_5,
          uniq_prince_ribbit2, uniq_urug
Lair:2:   gammafunk_cloud_chamber, layout_gridlike, palyth_hydra_swamp_entry,
          grunt_megastairs_3, uniq_amaemon, uniq_gastronok
Lair:3:   layout_cave_pods, minmay_snake_entry_guardpost_large,
          serial_bayou_shore_b
Lair:4:   layout_regular_city, slime_entry_1, chequers_serial_rivers_room_a,
          grunt_megastairs_1, lemuel_fruit_tree
Lair:5:   hellmonk_lair_end_abyssal_woods, layout_small_grid
Swamp:1:  layout_basic_swamp, nicolae_swamp_little_tower, swamp_pool2,
          nicolae_swamp_godswood, infiniplex_staircase_pool_2
Swamp:2:  cheibrodos_swamp_monstrosity, layout_basic_swamp,
          hangedman_swamp_ruin_wall, nicolae_swamp_some_circles
Swamp:3:  layout_basic_swamp, nicolae_swamp_dense_foliage
Swamp:4:  swamp_vile, layout_basic_swamp, swamp_pool5
Snake:1:  layout_grid_maze
Snake:2:  layout_basic, st_stairs_3, serial_bayou_lagoon_b, uniq_mlioglotl
Snake:3:  layout_misc_corridors, nicolae_shop_i_like_big_books,
          minmay_shoptagon, serial_bayou_shore_a, uniq_saint_roka
Snake:4:  johnstein_snake_rune_scales, layout_onion_interference, serial_shops,
          shop, grunt_megastairs_4
Slime:1:  layout_caves
Slime:2:  layout_caves
Slime:3:  layout_caves, dissolution_awaits
Slime:4:  layout_caves
Slime:5
Orc:1:    layout_caves, serial_shops, shop, shop, uniq_maurice
Orc:2:    st_orc_ogre_mass, layout_diamond_mine, gammafunk_ghost_necromancy
Elf:1:    layout_gridlike, gammafunk_ghost_abyssal_escape,
          kennysheep_underground_church
Elf:2:    nicolae_elf_blades_splatter_lattice [grunt_blade_entry_basic],
          layout_onion_city, nicolae_trove_entry_diagonal, serial_shops,
          nicolae_lakefront_shop, lemuel_elevator, minmay_shop_grove
Elf:3:    minmay_elf_hall_furrowed, layout_onion_city, basic_altar,
          amcnicky_mini_rare_corridor_liquid
Vaults:1: gammafunk_the_bubble [the_bubble_gammafunk_plus_minus],
          vaults_room_large_hall, ontoclasm_vaults_twist, v_alt_pattern_6,
          v_misc_4, nicolae_vaults_little_squares_5, v_misc_3,
          nicolae_vaults_twisting_passages, layout_vaults_quadrants,
          serial_shops, nicolae_shop_window_shopping
Vaults:2: minmay_crypt_entry_simple_round, nicolae_vaults_border_crossing,
          v_misc_18, nicolae_vaults_ring_of_whatevers, vaults_room_door_hall,
          vaults_dpeg_cross, v_rooms_4, vaults_dpeg_ring, vaults_room_pool,
          vaults_room_corners, v_misc_1, ontoclasm_vaults_gateway,
          nicolae_vaults_little_squares_4, vaults_room_hangedman_quadrants,
          layout_vaults_ring, uniq_sojobo
Vaults:3: hangedman_vaults_stream, nicolae_vaults_specimen_jars, v_pattern_3,
          nicolae_vaults_network_periphery, nicolae_vaults_network_barrier,
          v_rooms_1, v_misc_12, ontoclasm_vaults_ligature,
          layout_vaults_omnicross, uniq_margery
Vaults:4: vaults_room_boxed, ontoclasm_vaults_decontamination,
          nicolae_vaults_network_quinsquares
          [nicolae_vaults_network_quincunx_subvault,
          nicolae_vaults_network_quincunx_subvault,
          nicolae_vaults_network_quincunx_subvault,
          nicolae_vaults_network_quincunx_subvault], v_rooms_6,
          nicolae_vaults_rhombus_6, grunt_vaults_hallway_long,
          nicolae_vaults_circle_grid_b, v_pattern_5, vaults_room_door_ring,
          hangedman_vaults_snaps, hangedman_vaults_pinch,
          layout_vaults_maze_snakey, serial_shops, nicolae_square_shop, shop,
          nicolae_shop_waterfront, nicolae_shop_behind_doors, shop
Vaults:5: uniq_frederick
Depths:1: layout_twisted_cross, serial_shops, nicolae_shop_hallway_plus,
          hangedman_abyss_or_decor_passed, hell_entry, pan_entry,
          kennysheep_generic_room_6, grunt_megastairs_2, uniq_mara
Depths:2: nzn_winding_woodlands_stair_cross [nzn_winding_woodlands_5x15_crooked,
          nzn_winding_woodlands_center_triple_pond,
          nzn_winding_woodlands_5x15_jagged, nzn_winding_woodlands_hourglass,
          nzn_winding_woodlands_5x5_open_star,
          nzn_winding_woodlands_5x15_split_checker,
          nzn_winding_woodlands_center_diamonds,
          nzn_winding_woodlands_5x15_eye], layout_gridlike, grunt_hell_horde,
          ashenzari_conservatory_becter, hangedman_abyss_entry_splay,
          grunt_pan_entry_zigzag
Depths:3: minmay_curly_fans, layout_cave_pools, enter_ziggurat_c,
          pf_coc_iceberg, amcnicky_mini_pool_small, abyss_entry,
          kennysheep_generic_room_2, uniq_parghit, uniq_grunn
Depths:4: grunt_zot_entry_bicorn, layout_cave_shapes, hell_entry, abyss_entry,
          hangedman_abyss_or_decor_stagger, minmay_hedge_maze,
          serial_nicolae_subway, nicolae_sub_station_metal,
          nicolae_sub_station_crystal, nicolae_sub_station_stone
Zot:1:    layout_basic
Zot:2:    hangedman_zot_vaults_quadrants, layout_onion
Zot:3:    kennysheep_room_grid, layout_onion, st_grand_hoard_of_tiamat
Zot:4:    layout_gridlike, nicolae_rock_paper_scissors
Zot:5:    layout_basic

Skill      XL: |  1  2  3  4  5  6  7  8  9 10 11 12 13 14 15 16 17 18 19 20 21 22 23 24 25 26 27 |
---------------+----------------------------------------------------------------------------------+-----
Fighting       | 1 2 3 4 5 8 9 10 11 12 13 14 15 16 17 18 | 18.0
Conjurations   | 6 7 8 12 13 15 16 17 18 19 20 21 23 24 | 24.1
Stealth        | 3 4 6 |  6.0
Spellcasting   | 3 4 5 8 11 13 16 18 19 20 | 20.3
Hexes          | 2 3 |  3.0
Dodging        | 5 8 12 13 14 15 16 | 16.0
Translocations | 2 |  2.0
Short Blades   | 3 4 |  4.0
Shields        | 3 12 13 14 15 16 17 18 19 20 | 20.0
Evocations     | 4 6 7 8 9 10 11 12 | 12.0
Air Magic      | 1 6 7 11 15 16 17 18 19 20 22 23 24 | 24.2
Ice Magic      | 3 4 |  4.0
Transmutations | 2 3 |  3.0
Armour         | 2 5 7 8 9 11 13 14 | 14.5
Summonings     | 6 9 10 | 10.0

Action                     |  1- 3 |  4- 6 |  7- 9 | 10-12 | 13-15 | 16-18 | 19-21 | 22-24 | 25-27 || total
---------------------------+-------+-------+-------+-------+-------+-------+-------+-------+-------++-------
  Melee: Short sword       |     1 |       |       |       |       |       |       |       |       ||     1
         Dagger            |     5 |    54 |   169 |   196 |   253 |       |       |       |       ||   677
         Kick              |     2 |    11 |    46 |    81 |   123 |    36 |    27 |    59 |    61 ||   446
         Peck              |     1 |     7 |    26 |    71 |    56 |    29 |    18 |    39 |    42 ||   289
         Punch             |       |       |     3 |       |       |       |       |       |       ||     3
         Triple sword      |       |       |       |    10 |       |       |       |       |       ||    10
         Staff             |       |       |       |     3 |       |    90 |    70 |   125 |   115 ||   403
         Long sword        |       |       |       |       |    11 |    15 |       |       |       ||    26
         Rapier            |       |       |       |       |       |     2 |       |       |       ||     2
   Cast: Magic Dart        |    83 |    50 |   157 |   198 |       |       |       |       |       ||   488
         Searing Ray       |     1 |    10 |    10 |    16 |     2 |     2 |       |       |     1 ||    42
         Dazzling Flash    |       |     2 |    13 |     8 |     9 |     2 |       |     1 |     5 ||    40
         Fulminant Prism   |       |       |    24 |    42 |    10 |     7 |     2 |     1 |       ||    86
         Iskenderun's Myst |       |       |     4 |    33 |    58 |    18 |     3 |     7 |    37 ||   160
         Hailstorm         |       |       |       |    79 |    96 |    15 |     1 |       |       ||   191
         Sticky Flame      |       |       |       |    13 |    42 |    10 |     6 |    17 |    20 ||   108
         Freezing Cloud    |       |       |       |       |   150 |   144 |    39 |    23 |    58 ||   414
         Arcjolt           |       |       |       |       |    11 |    42 |    61 |   268 |    47 ||   429
         Airstrike         |       |       |       |       |       |   477 |   552 |   599 |   796 ||  2424
         Irradiate         |       |       |       |       |       |    13 |    11 |    26 |    49 ||    99
         Conjure Ball Ligh |       |       |       |       |       |     5 |    56 |    10 |     2 ||    73
         Maxwell's Capacit |       |       |       |       |       |       |       |    20 |    25 ||    45
         Lightning Bolt    |       |       |       |       |       |       |       |       |    81 ||    81
         Spellforged Servi |       |       |       |       |       |       |       |       |    20 ||    20
         Apportation       |       |       |       |       |       |       |       |       |     2 ||     2
  Evoke: Wand              |       |       |       |     2 |    10 |    16 |       |    13 |    35 ||    76
         Phial of floods   |       |       |       |       |       |     2 |       |     1 |     3 ||     6
         Box of beasts     |       |       |       |       |       |     1 |       |     3 |     6 ||    10
         Tin of tremorston |       |       |       |       |       |       |     3 |     5 |     2 ||    10
         Lightning rod     |       |       |       |       |       |       |       |     3 |       ||     3
         Condenser vane    |       |       |       |       |       |       |       |     2 |     1 ||     3
         Phantom mirror    |       |       |       |       |       |       |       |     1 |     1 ||     2
    Use: Scroll            |     5 |     3 |     3 |     3 |    11 |    17 |     7 |    11 |    32 ||    92
         Potion            |       |       |       |     2 |     1 |     2 |     4 |     5 |    45 ||    59
   Stab: Sleeping          |     2 |     6 |     4 |       |    11 |     3 |     1 |       |     2 ||    29
         Invisible         |       |       |     6 |       |     4 |       |       |       |     2 ||    12
         Paralysed         |       |       |       |       |     3 |       |       |       |       ||     3
         Distracted        |       |       |       |       |     1 |       |       |       |     2 ||     3
 Armour: Robe              |       |    10 |    16 |       |       |       |       |       |       ||    26
         Steam dragon scal |       |       |    18 |    52 |       |       |       |       |       ||    70
         Troll leather arm |       |       |       |       |    29 |    33 |    17 |    63 |    12 ||   154
         Skin              |       |       |       |       |     4 |       |     1 |       |     2 ||     7
         Ice dragon scales |       |       |       |       |    15 |       |       |       |       ||    15
         Plate armour      |       |       |       |       |       |       |       |       |   259 ||   259
  Dodge: Dodged            |     4 |    57 |   172 |   254 |   163 |   158 |    85 |   216 |   187 ||  1296
  Block: Kite shield       |       |       |       |   115 |   237 |   223 |    16 |       |       ||   591
         Reflection        |       |       |       |       |       |    45 |    49 |    45 |    46 ||   185
         Tower shield      |       |       |       |       |       |       |   242 |   549 |   640 ||  1431

Table legend: (Time is in decaauts)
 A = Elapsed time spent in this place.
 B = Non-inter-level travel time spent in this place.
 C = Inter-level travel time spent in this place.
 D = Time resting spent in this place.
 E = Time spent auto-exploring this place.
 F = Levels seen in this place.
 G = Mean time per level.
                   A        B        C        D        E       F      G
               +--------+--------+--------+--------+--------+-----+--------+
         Total |  76292 |  70282 |   6010 |  10225 |  45716 |  55 | 1387.1 |
       Dungeon |  21127 |  18884 |   2243 |   1962 |  12735 |  15 | 1408.5 |
          Lair |   6705 |   6073 |    632 |    611 |   4365 |   5 | 1341.0 |
         Swamp |   4514 |   4328 |    186 |    735 |   3043 |   4 | 1128.5 |
     Snake Pit |   6346 |   6105 |    241 |    549 |   4628 |   4 | 1586.5 |
    Slime Pits |   2712 |   2522 |    190 |    327 |   1632 |   5 |  542.4 |
  Orcish Mines |   1580 |   1373 |    207 |     24 |   1050 |   2 |  790.0 |
   Elven Halls |   4572 |   4042 |    530 |    207 |   2980 |   3 | 1524.0 |
        Vaults |  10049 |   9115 |    934 |   1628 |   5697 |   5 | 2009.8 |
        Depths |   6465 |   5786 |    679 |    869 |   3789 |   4 | 1616.2 |
           Zot |   8698 |   8535 |    163 |   2653 |   4160 |   5 | 1739.6 |
         Sewer |    316 |    316 |      0 |      0 |    187 |   1 |  316.0 |
        Bailey |   2170 |   2170 |      0 |    479 |   1013 |   1 | 2170.0 |
      Ice Cave |   1032 |   1032 |      0 |    179 |    431 |   1 | 1032.0 |
               +--------+--------+--------+--------+--------+-----+--------+

Top non-repeatable levels by time:
   Zot:2: 3100 daAuts
Vaults:4: 2638 daAuts
   Zot:3: 2427 daAuts
  Lair:5: 2348 daAuts
Depths:4: 2333 daAuts
Vaults:5: 2322 daAuts
  Bailey: 2170 daAuts
 Snake:4: 2107 daAuts
     D:3: 2051 daAuts
Vaults:1: 1977 daAuts
Depths:2: 1969 daAuts
    D:14: 1861 daAuts
    D:15: 1835 daAuts
    D:10: 1833 daAuts
 Swamp:4: 1801 daAuts
